AoeStats
← Dxlphxn

Black Forest

505946673Analyzed
1v1 RM · 21d ago on Sep 11, 2026· 52m 55s· 2 players
Game mode
Random Map
Map size
Tiny (2 player)
Population
200
Speed
Normal
Resources
Standard
Victory
Conquest
Starting age
Dark Age
Ending age
Imperial Age
RankedLock teamsTeams togetherTeam positionsShared explorationLock speedFull tech treeHidden civsTurbo modeCheats
Victory
Defeat
🇮🇳 Burmese · India
862
+17
🇺🇸 Shu · United States
877
-17
vlelouch123
1:08 Loom
13:06 Feudal Age
16:34 Wheelbarrow
20:07 Castle Age
19:08 Horse Collar
21:21 Heavy Plow
24:54 Padded Archer Armor
30:49 Hand Cart
30:22 Town Watch
35:29 Imperial Age
33:29 Ballistics
33:20 Masonry
33:20 Scale Barding Armor
33:06 Fletching
33:41 Manipur Cavalry
33:48 Gold Mining
35:02 Fortified Wall
35:21 Chain Barding Armor
36:32 Forging
36:17 Bodkin Arrow
36:59 Plate Barding Armor
37:29 Chemistry
36:55 Conscription
37:28 Bloodlines
38:30 Elite Battle Elephant
39:14 Bracer
39:51 Iron Casting
40:23 Howdah
39:47 Elite Skirmisher
41:46 Heavy Scorpion
46:23 Husbandry
Dxlphxn
2:00 Loom
12:49 Feudal Age
13:18 Double-Bit Axe
18:03 Castle Age
16:04 Horse Collar
18:59 Bow Saw
19:14 Heavy Plow
22:49 Wheelbarrow
24:57 Hand Cart
27:25 Gold Mining
27:29 Stone Mining
30:34 Imperial Age
28:04 Fletching
29:27 Masonry
29:56 Ballistics
29:36 Bodkin Arrow
30:04 Thumb Ring
29:52 Crossbowman
30:38 Padded Archer Armor
32:15 Two-Man Saw
31:09 Town Watch
31:09 Arbalester
31:52 Bracer
32:23 Leather Archer Armor
34:09 Chemistry
34:46 Siege Engineers
37:01 Hoardings
37:36 Architecture
37:42 Bolt Magazine
38:31 Ring Archer Armor
39:12 Conscription
39:40 Town Patrol
40:43 Coiled Serpent Array
40:45 Scale Mail Armor
40:36 Onager
43:41 Gold Shaft Mining
43:48 Fortified Wall
43:05 Elite White Feather Guard
44:04 Chain Mail Armor
45:33 Plate Mail Armor
45:14 Forging
47:05 Arson
47:23 Squires
51:38 Pikeman
52:16 Halberdier
Connection lost

Rejoining the realm…

Still unreachable

The connection could not be restored.

Session expired

The server has moved on; the page needs a fresh start.